Map: Lockdown LE

Players

RipNHammer

  • Race: Terran Terran
  • League: Master
  • Spawn Location: 1:00

llllllllllll - Winner!

  • Race: Protoss Protoss
  • League: Grandmaster
  • Spawn Location: 7:00

VOD

Have the link to the VOD?

Description

Time

  • Played on: Sept. 5, 2026, 12:41 p.m.
  • Length: 9:24
Show
View Real Time Build Order
Export as new Build Order

RipNHammer Terran 

Build Orders:  

Get SALT Encoding   

  8  0:00  SCV  
  9  0:12  SCV  
  10  0:24  SCV  
  11  0:36  SCV  
  11  0:39  Supply Depot  
  12  0:49  SCV  
  13  0:54  Refinery  
  13  1:01  SCV  
  14  1:06  Barracks  
  14  1:13  SCV  
  15  1:25  SCV  
  16  1:37  SCV  
  17  1:52  Orbital Command  
  17  1:53  Reaper  
  18  2:20  SCV  
  19  2:26  Supply Depot  
  19  2:27  Marine, Bunker  
  20  2:32  SCV  
  21  2:37  Barracks  
  21  2:47  Marine  
  21  2:48  SCV  
  23  3:00  SCV  
  24  3:12  SCV  
  25  3:13  Marine  
  25  3:22  Barracks  
  25  3:24  SCV, Command Center  
  25  3:25  Barracks Tech Lab  
  26  3:36  SCV  
  26  3:38  Barracks Reactor  
  27  3:41  Engineering Bay  
  27  3:50  SCV  
  27  3:53  Stimpack  
  28  4:01  Marine  
  28  4:02  SCV  
  21  4:10  Marine  
  21  4:16  Marine x2  
  24  4:19  Marine  
  24  4:21  SCV  
  26  4:28  Barracks Tech Lab  
  26  4:33  SCV  
  26  4:34  Marine x2  
  26  4:37  Marine  
  24  4:45  SCV  
  24  4:48  Marine, Combat Shield  
  24  4:52  Marine x2  
  27  4:53  Orbital Command  
  27  4:55  Marine  
  28  5:05  SCV  
  28  5:06  Marine  
  30  5:10  Marine x2  
  30  5:16  Supply Depot, Marine  
  30  5:17  SCV  
  31  5:24  SCV  
  32  5:32  SCV  
  32  5:33  Marine  
  34  5:38  Concussive Shells  
  34  5:42  Marauder  
  36  5:47  SCV x2  
  38  5:51  Marine  
  38  5:52  Marine  
  38  5:55  Supply Depot  
  40  5:59  Marauder  
  31  6:16  Marine x2, Marauder  
  35  6:19  Engineering Bay  
  35  6:24  Marauder  
  35  6:25  SCV  
  38  6:26  SCV  
  38  6:31  Refinery  
  39  6:34  Marine x2  
  39  6:39  SCV x2  
  43  6:41  Marauder  
  43  6:44  Marine  
  46  6:47  Factory  
  46  6:56  SCV  
  46  6:57  Marine  
  49  7:03  Marauder  
  51  7:08  SCV  
  51  7:13  Marine  
  51  7:14  Marauder  
  51  7:15  Marine  
  51  7:20  SCV  
  52  7:23  Marine  
  53  7:30  Missile Turret  
  53  7:31  Marine  
  53  7:32  SCV  
  53  7:34  Marine  
  56  7:40  Starport  
  56  7:42  Marauder, Orbital Command  
  58  7:46  Barracks Reactor  
  58  7:50  Supply Depot, SCV  
  58  7:54  Marine x2  
  60  7:59  Siege Tank  
  60  8:02  SCV  
  64  8:09  Marauder  
  64  8:12  Marine  
  64  8:19  SCV  
  65  8:21  Supply Depot  
  60  8:40  Marine  
  60  8:41  Marauder  
  60  8:42  Medivac  
  60  8:44  Siege Tank  
  65  8:50  Supply Depot  
  60  9:05  Marine x3  
Show
View Real Time Build Order
Export as new Build Order

llllllllllll Protoss - Winner!

Build Orders: Oracle Opening 

Get SALT Encoding   

  8  0:00  Probe (Chrono Boost)  
  9  0:12  Probe (Chrono Boost)  
  10  0:19  Probe (Chrono Boost)  
  11  0:27  Probe  
  12  0:34  Pylon  
  12  0:39  Probe  
  13  0:53  Gateway  
  13  0:55  Probe (Chrono Boost)  
  14  1:08  Probe (Chrono Boost)  
  14  1:09  Assimilator  
  15  1:16  Probe (Chrono Boost)  
  16  1:22  Probe  
  17  1:27  Assimilator  
  17  1:34  Probe  
  18  1:40  Cybernetics Core  
  18  1:46  Probe  
  19  1:48  Pylon  
  19  1:58  Probe  
  20  2:10  Probe  
  20  2:14  Adept (Chrono Boost)  
  21  2:21  Stargate  
  21  2:22  Probe  
  24  2:27  Warp Gate  
  24  2:34  Probe  
  24  2:35  Pylon  
  27  2:44  Stalker  
  27  2:48  Probe  
  28  3:01  Probe  
  27  3:13  Probe  
  27  3:16  Oracle (Chrono Boost)  
  31  3:25  Probe  
  32  3:37  Probe  
  33  3:45  Pylon  
  33  3:48  Oracle  
  36  3:49  Probe  
  37  4:13  Nexus  
  37  4:20  Stalker  
  39  4:25  Oracle (Chrono Boost)  
  42  4:34  Twilight Council  
  42  4:38  Gateway  
  42  4:51  Probe  
  43  4:53  Gateway  
  43  5:21  Blink (Chrono Boost)  
  43  5:25  Oracle (Chrono Boost)  
  43  5:26  Pylon  
  46  5:29  Probe x2 (Chrono Boost)  
  48  5:41  Probe (Chrono Boost)  
  50  5:46  Probe (Chrono Boost)  
  50  5:47  Pylon  
  50  5:48  Probe (Chrono Boost)  
  51  5:52  Probe  
  52  5:58  Probe  
  53  6:05  Probe  
  53  6:10  Probe  
  52  6:17  Probe  
  50  6:20  Stalker x2, Nexus  
  50  6:21  Pylon  
  54  6:26  Sentry  
  53  6:46  Probe x2, Gateway  
  55  6:47  Gateway  
  55  6:48  Assimilator  
  55  6:51  Gateway  
  55  6:52  Gateway  
  55  6:56  Stalker  
  55  6:58  Probe  
  55  7:01  Stalker  
  60  7:06  Stalker  
  62  7:22  Sentry  
  64  7:26  Stalker  
  66  7:31  Probe x2 (Chrono Boost)  
  66  7:36  Probe (Chrono Boost)  
  69  7:43  Probe x2 (Chrono Boost)  
  71  7:45  Stalker x3, Probe (Chrono Boost)  
  78  7:54  Stalker, Probe  
  78  7:55  Probe x2  
  78  7:56  Assimilator  
  83  8:00  Stalker, Pylon  
  85  8:12  Stalker x3  
  89  8:26  Stalker x2  
  93  8:30  Probe x3  
  96  8:36  Stalker  
  96  8:42  Probe  
  96  8:43  Adept  
  96  8:44  Adept x2  
  103  9:01  Stalker x2  
  103  9:02  Stalker  
  77  9:23  Stalker x3  
Tags
 
Add a new tag
Caveats
  • Supply blocks, unpowered buildings, or Contaminate may cause inaccurate times.
  • Supply counts are checked every 10 seconds.